 Dungeon Crawl Stone Soup version 0.27-a0-994-g5030419646 (console) character file.

Game seed: 2752885143427506540

50 Banquo the Magician (level 3, -3/29 HPs)
             Began as a Djinni Warper on Apr 16, 2021.
             Slain by an orc
             ... wielding a +0 short sword
              (5 damage)
             ... on level 3 of the Dungeon.
             The game lasted 00:10:17 (3628 turns).

Banquo the Magician (Djinni Warper)                 Turns: 3628, Time: 00:10:18

Health: -3/29      AC:  3    Str: 10    XL:     3   Next: 79%
Gold:   74         EV: 11    Int: 15    God:
                   SH:  0    Dex: 12

rFire    + + .     SeeInvis .   a - +0 falchion
rCold    x . .     Faith    .   (no shield)
rNeg     . . .     Spirit   .   b - +0 leather armour
rPois    ∞         Reflect  .   (no helmet)
rElec    .         Harm     .   (no cloak)
rCorr    .         Rampage  .   (no gloves)
Will     .....                  (boots unavailable)
Stlth    +.........             (no amulet)
HPRegen  0.09/turn              (no ring)
MPRegen  0.00/turn              (no ring)

@: flying
A: fire resistance 2, cold vulnerability 1, float, innate caster, hp casting,
extra vitality 1
a: no special abilities


You were on level 3 of the Dungeon.
You visited 1 branch of the dungeon, and saw 3 of its levels.

You collected 74 gold pieces.

Inventory:

Hand Weapons
 a - a +0 falchion (weapon)
 c - a +0 hunting sling
Missiles
 e - 4 boomerangs of dispersal
 f - 13 stones (quivered)
 p - 33 poisoned darts
Armour
 b - a +0 leather armour (worn)
 j - +0 ice dragon scales
Scrolls
 d - 2 scrolls of blinking
 g - a scroll of identify {unknown}
 h - a scroll of vulnerability {unknown}
 l - 2 scrolls of magic mapping {unknown}
 m - a scroll of fear {unknown}
 n - a scroll of acquirement {unknown}
 o - a scroll of teleportation {unknown}
Potions
 i - 2 potions of heal wounds {unknown}
 k - a potion of lignification {unknown}


   Skills:
 * Level 2.4 Fighting
 * Level 2.5 Long Blades
 - Level 0.7 Throwing
 - Level 1.0 Armour
 - Level 2.1 Dodging
 * Level 3.3 Spellcasting


You couldn't memorise any spells.
You knew the following spells:

 Your Spells              Type           Power      Damage    Failure   Level
a - Corona                Hex            13%        N/A       7%          1
b - Lesser Beckoning      Tloc           6%         N/A       21%         3
g - Gell's Gravitas       Tloc           6%         N/A       21%         3
m - Manifold Assault      Tloc           12%        N/A       88%         5
t - Teleport Other        Tloc           12%        N/A       21%         3
B - Blink                 Tloc           N/A        N/A       10%         2
Your spell library was empty.

Dungeon Overview and Level Annotations

Branches:
Dungeon (3/15)

Altars:
Kikubaaqudgha

Annotations:
D:1 Terence


Innate Abilities, Weirdness & Mutations

You are immune to poison.
Your flesh is very heat resistant. (rF++)
You are vulnerable to cold. (rC-)
You float through the air rather than walking.
You learn spells naturally, not from books.
Your magical power is your life essence.
You have superior vitality. (+4 HP)


Message History

You kill the endoplasm!
f - 10 stones (gained 1)
f - 11 stones (gained 1)
f - 12 stones (gained 1)
There is a dry fountain here.
f - 13 stones (gained 1)
There is a shaft here.
A bat comes into view.
An orc comes into view. It is wielding a +0 short sword.
The orc shouts!
A rat comes into view.
The orc throws a boomerang.
The boomerang hits you but does no damage.
The bat barely misses you. The bat hits you but does no damage.
The bat barely misses you.
You riposte.
You hit the bat but do no damage. The bat hits you but does no damage.
You are too injured to fight recklessly!
You are too injured to fight recklessly!
You hit the bat but do no damage. The bat hits you but does no damage.
You slash the bat!
You kill the bat!
The orc throws a boomerang.
The boomerang hits you. The orc hits you with a +0 short sword.
You closely miss the orc. The orc hits you with a +0 short sword.
* * * LOW HITPOINT WARNING * * *
You completely miss the orc. The orc barely misses you.
You riposte.
You hit the orc but do no damage. You hit the orc.
The orc is severely wounded.
The orc hits you with a +0 short sword.
* * * LOW HITPOINT WARNING * * *
You barely miss the orc.
The orc is severely wounded.
The orc hits you with a +0 short sword.
* * * LOW HITPOINT WARNING * * *
You completely miss the orc.
The orc is severely wounded.
The orc hits you with a +0 short sword.
You die...

## ≈≈≈ #. ####≈#r #.
#. ..≈≈≈≈≈ #. #.
....≈.. #. #.
.......
#.#####.#####r...o.#
#####...........o#
.......#####.^(.@#
.................#
.#.###.####.....# #.
#.# #.....# #.###.#
###.......
#.....###...#####.
##...........#.....
#...⌠..≈≈.....#
#.#....≈≈≈..###


You could see an orc and a rat.

Vanquished Creatures
  An adder (D:2)
  A worm (D:2)
  A dart slug (D:1)
  A bat (D:3)
  7 endoplasms
  A giant cockroach (D:1)
  A goblin (D:1)
  5 hobgoblins
  5 kobolds
  A quokka (D:1)
  4 ball pythons (D:1)
  3 frilled lizards (D:1)
  3 rats
34 creatures vanquished.

Notes
Turn   | Place    | Note
-------+----------+-------------------------------------------
     0 | D:1      | Banquo the Djinni Warper began the quest for the Orb.
     0 | D:1      | Reached XP level 1. HP: 18/18 MP: 0/0
   484 | D:1      | Reached skill level 3 in Spellcasting
   484 | D:1      | Reached XP level 2. HP: 22/23 MP: 0/0
  1350 | D:1      | Found a faded altar of an unknown god.
  1726 | D:2      | Noticed Terence
  1734 | D:2      | Reached XP level 3. HP: 24/28 MP: 0/0
  1734 | D:2      | Learned a level 1 spell: Corona
  3431 | D:3      | Noticed a phantom
  3628 | D:3      | Slain by an orc

Illustrated notes

Levels and vault maps discovered:
D:1:      amcnicky_arrival_wind_blow, layout_basic,
          hellmonk_ecumenical_altar_lost_god
D:2:      layout_basic, chequers_serial_rivers_micro_a, dk_noncrumbling_4,
          uniq_terence
D:3:      layout_loops_cross, kiku_gazebo_pond_becter,
          lightli_sewer_entry_pipes, kennysheep_crisscross, kennysheep_nub

Skill      XL: |  1  2 |
---------------+-------+-----
Spellcasting   | 3 |  3.3
Long Blades    | 2 |  2.5
Fighting       | |  2.4
Throwing       | |  0.7
Armour         | |  1.0
Dodging        | |  2.1

Action                   || total
-------------------------++-------
Melee: Falchion          ||   123
Throw: Stone             ||    25
       Boomerang         ||     1
 Cast: Blink             ||     7
       Corona            ||     3
 Stab: Sleeping          ||     1
Armor: Leather armour    ||    24
Dodge: Dodged            ||    75
       Rpst.: Falchion   ||    23

Table legend: (Time is in decaauts)
 A = Elapsed time spent in this place.
 B = Non-inter-level travel time spent in this place.
 C = Inter-level travel time spent in this place.
 D = Time resting spent in this place.
 E = Time spent auto-exploring this place.
 F = Levels seen in this place.
 G = Mean time per level.
                   A        B        C        D        E       F      G
               +--------+--------+--------+--------+--------+-----+--------+
         Total |   3662 |   3135 |    527 |    341 |   1864 |   3 | 1220.7 |
       Dungeon |   3662 |   3135 |    527 |    341 |   1864 |   3 | 1220.7 |
               +--------+--------+--------+--------+--------+-----+--------+

Top non-repeatable levels by time:
     D:1: 2305 daAuts
     D:2: 1173 daAuts
     D:3: 183 daAuts
